 Dungeon Crawl Stone Soup version 0.29.1-2-gbd0b4ee654 (webtiles) character file.

Game seed: 389228636066316361

28 warriortoast the Sneak (level 2, 0/13 HPs)
             Began as a Spriggan Enchanter on Nov 18, 2022.
             Succumbed to an adder's poison
             ... on level 2 of the Dungeon.
             The game lasted 00:02:13 (1236 turns).

warriortoast the Sneak (Spriggan Enchanter)         Turns: 1236, Time: 00:02:14

Health: 0/13       AC:  2    Str:  4    XL:     2   Next: 96%
Magic:  4/7        EV: 17    Int: 16    God:
Gold:   42         SH:  0    Dex: 15    Spells: 5/7 levels left

rFire   + . .      SeeInvis +   a - +1 dagger
rCold   + . .      Faith    .   (no shield)
rNeg    . . .      Spirit   .   b - +0 robe
rPois   +          Reflect  .   (helmet restricted)
rElec   +          Harm     .   (no cloak)
rCorr   +          Rampage  .   (gloves unavailable)
Will    .....                   (boots unavailable)
Stlth   +++.......              (no amulet)
HPRegen 0.04/turn               (no ring)
MPRegen 0.10/turn               (no ring)

@: lethally poisoned (0 -> -3), resistant, very quick
A: very small, no large weapons, unfitting armour, see invisible, speed 3
a: no special abilities


You were on level 2 of the Dungeon.
You visited 1 branch of the dungeon, and saw 2 of its levels.

You collected 42 gold pieces.

Inventory:

Hand Weapons
 a - a +1 dagger (weapon)
Armour
 b - a +0 robe (worn)
Jewellery
 h - a ring of positive energy
Scrolls
 d - 2 scrolls of silence {unknown}
 e - 2 scrolls of identify {unknown}
 f - 2 scrolls of poison {unknown}
Potions
 c - 2 potions of invisibility


   Skills:
 + Level 1.6 Short Blades
 + Level 3.2 Dodging
 + Level 4.8 Stealth
 + Level 3.1 Spellcasting
 + Level 3.9 Hexes


You had 5 spell levels left.
You knew the following spells:

 Your Spells              Type           Power      Damage    Failure   Level
a - Ensorcelled Hibernat  Hex/Ice        16%        N/A       12%         2

Your spell library contained the following spells:

 Spells                   Type           Power      Damage    Failure   Level
 Confusing Touch          Hex            15%        N/A       11%         3
 Tukima's Dance           Hex            15%        N/A       11%         3
 Dazzling Flash           Conj/Hex       16%        N/A       24%         3
 Leda's Liquefaction      Hex/Erth       4%         N/A       63%         4
 Lee's Rapid Deconstruct  Erth           1%         3d5*      99%         5
 Statue Form              Tmut/Erth      1%         N/A       100%        6


Dungeon Overview and Level Annotations

Branches:
Dungeon (2/15)

Altars:


Innate Abilities, Weirdness & Mutations

You are very small and have problems with some larger weapons.
You are too small for most types of armour.
You have supernaturally acute eyesight. (SInv)
You cover ground extremely quickly. (Speed+++)


Message History

You hit the adder. Your punch misses the adder.
The adder is heavily wounded.
The adder barely misses you.
You hit the adder but do no damage.
The adder is heavily wounded.
The adder hisses angrily.
The adder barely misses you.
You hit the adder.
The adder is almost dead.
The adder barely misses you.
Casting: Ensorcelled Hibernation (safe; 13% risk of failure)
Confirm with . or Enter, or press ? or * to list all spells.
Aiming: Ensorcelled Hibernation (safe; 13% risk of failure)
Press: ? - help, Shift-Dir - straight line, f - adder
Aim: an adder (almost dead, chance to affect: 50%)
You miscast Ensorcelled Hibernation.
You are very lightly contaminated with residual magic.
Nothing appears to happen.
The adder completely misses you. The adder closely misses you.
Your magical contamination has completely faded away.
Casting: Ensorcelled Hibernation (safe; 13% risk of failure)
Confirm with . or Enter, or press ? or * to list all spells.
Aiming: Ensorcelled Hibernation (safe; 13% risk of failure)
Press: ? - help, Shift-Dir - straight line, f/p - adder
Aim: an adder (almost dead, chance to affect: 50%)
The adder looks drowsy...
The adder bites you.
You are lethally poisoned!
The adder poisons you!
The adder hisses angrily.
You hit the adder.
You kill the adder!
You feel sick. The adder closely misses you.
You feel sick.
It was a potion of resistance.
You feel protected.
* * * LOW HITPOINT WARNING * * *
You feel sick. The adder bites you.
* * * LOW HITPOINT WARNING * * *
You die...

..###### #.....#.# ..... ..#
######.## #...# ..# #.# #...#
.##############.# #...# .#
#............# #...# # .#
#......#####.# ########...#..=
.# #......#
#.###.............. .#
#......# ##.#................
.# #......#
##..@S†.............. .#
#......###.....##.###.#...#...
####............#.##.#
#.#...#..#
.....#######....[.##.###.#...#
## ####.# ####.......##.......
####.# #######...##..##.......
..##.# #.............###
#.##.# #.##.#.#..#.)...
#.##.####.#..†.†..#.#.#


You could see an adder.

Vanquished Creatures
  An adder (D:2)
  3 endoplasms
  A giant cockroach (D:1)
  2 hobgoblins (D:1)
  A quokka (D:2)
  3 ball pythons
  5 bats
  A frilled lizard (D:1)
  2 rats (D:1)
19 creatures vanquished.

Notes
Turn   | Place    | Note
-------+----------+-------------------------------------------
     0 | D:1      | warriortoast the Spriggan Enchanter began the quest for the
                  | Orb.
     0 | D:1      | Reached XP level 1. HP: 9/9 MP: 5/5
   694 | D:1      | Reached XP level 2. HP: 7/13 MP: 6/6
   697 | D:1      | Learned a level 2 spell: Ensorcelled Hibernation
  1236 | D:2      | Succumbed to an adder's poison

Illustrated notes

Levels and vault maps discovered:
D:1:      dpeg_arrival_boxes_within_box, layout_basic
D:2:      layout_loops_cross, nicolae_figureground_pulse

Skill      XL: |  1  2 |
---------------+-------+-----
Dodging        | 3 |  3.2
Spellcasting   | 3 |  3.1
Short Blades   | |  1.6
Stealth        | |  4.8
Hexes          | |  3.9

Action                   || total
-------------------------++-------
Melee: Dagger            ||    67
       Punch             ||     1
 Cast: Ensorcelled Hiber ||     1
  Use: Potion            ||     1
 Stab: Sleeping          ||     7
Armor: Robe              ||     7
Dodge: Dodged            ||    77
